 Dungeon Crawl Stone Soup version 0.25.1-2-g60ff931df9 (webtiles) character file.

Game seed: 3010295323199710113

58 DildoBatman the Conjurer (level 4, -3/30 HPs)
             Began as a Formicid Wizard on Nov 4, 2020.
             Slain by a centaur skeleton (4 damage)
             ... on level 2 of the Dungeon.
             The game lasted 00:03:19 (1836 turns).

DildoBatman the Conjurer (Formicid Wizard)          Turns: 1836, Time: 00:03:20

Health: -3/30      AC:  2    Str: 12    XL:     4   Next: 20%
Magic:  8/8        EV: 12    Int: 14    God:
Gold:   144        SH:  0    Dex:  9    Spells: 6/9 levels left

rFire    . . .     SeeInvis +   a - +0 hunting sling
rCold    . . .     Gourm    .   (no shield)
rNeg     . . .     Faith    .   p - +0 robe
rPois    .         Spirit   .   (helmet unavailable)
rElec    .         Reflect  .   (no cloak)
rCorr    .         Harm     .   (no gloves)
MR       .....                  (no boots)
Stlth    ++........             (no amulet)
HPRegen  0.10/turn              o - -4 ring of intelligence (curse)
MPRegen  0.11/turn              (no ring)

@: lethally poisoned (-3 -> -9)
A: permanent stasis, dig shafts and tunnels, four strong arms, antennae 3
a: Dig, Shaft Self


You were on level 2 of the Dungeon.
You were not hungry.

You visited 1 branch of the dungeon, and saw 2 of its levels.

You collected 144 gold pieces.

Inventory:

Hand Weapons
 a - a +0 hunting sling (weapon)
Missiles
 b - 98 stones (quivered)
 d - 10 sling bullets
 k - 15 bolts
 n - 21 arrows
Armour
 p - a +0 robe (worn)
 q - a +0 tower shield
Jewellery
 o - a cursed -4 ring of intelligence (left hand)
Scrolls
 e - 2 scrolls of amnesia {unknown}
 f - a scroll of remove curse {unknown}
 h - a scroll of enchant weapon {unknown}
 l - a scroll of blinking {unknown}
 m - a scroll of identify {unknown}
Potions
 g - a potion of brilliance {unknown}
 i - a potion of flight {unknown}
 j - a potion of magic {unknown}
 r - a potion of haste {unknown}
Comestibles
 c - 4 chunks of flesh
 v - 5 rations


   Skills:
 - Level 1.7 Dodging
 - Level 2.4 Stealth
 - Level 3.2 Spellcasting
 * Level 3.3 Conjurations
   Level 1.0 Summonings
   Level 0.8 Translocations


You had 6 spell levels left.
You knew the following spells:

 Your Spells              Type           Power        Failure   Level  Hunger
a - Slow                  Hex            #.......     32%         2    ##.....
c - Magic Dart            Conj           ##..         5%          1    #......

Your spell library contained the following spells:

 Spells                   Type           Power        Failure   Level  Hunger
 Call Imp                 Summ           #.......     22%         2    ##.....
 Conjure Flame            Conj/Fire      #.......     30%         3    ###....
 Mephitic Cloud           Conj/Pois/Air  #.......     36%         3    ###....
 Blink                    Tloc           Unusable     N/A         2    N/A

Dungeon Overview and Level Annotations

Branches:
Dungeon (2/15)

Altars:

Annotations:
D:2 exclusions: 2 gnolls and sensed monster (detected)


Innate Abilities, Weirdness & Mutations

You cannot be hasted, slowed, berserked, paralysed or teleported.
You can dig through walls and to a lower floor.
Your four strong arms can wield two-handed weapons with a shield.
You have a pair of large antennae on your head. (SInv)


Message History

What are your orders? t - Shout!
Orders for allies: a - Attack new target. r - Retreat! s - Stop attacking. g - Guard the area. f - Follow me.
Anything else - Cancel.
You shout for attention!
You feel sick. The adder bites you. The centaur skeleton hits you.
What are your orders? t - Shout!
Orders for allies: a - Attack new target. r - Retreat! s - Stop attacking. g - Guard the area. f - Follow me.
Anything else - Cancel.
You shout for attention!
The adder bites you. The centaur skeleton hits you.
You die...

# ##...## # ##'## #.. .
# #.# #.##. # #.# #...
# ##.## #..#
########...### #..#
#............# #..###.#
#.##.###...#.###SZ....#
..........##.##.@.#
#.##.###......)...#
#.##.# ##.##.######
#.##.####.##.#
#............#
##############


You could see an adder and a centaur skeleton.

Vanquished Creatures
  An adder (D:2)
  3 dart slugs
  A leopard gecko (D:2)
  A ball python (D:2)
  5 bats
  3 giant cockroaches
  4 hobgoblins
  7 kobolds
  A quokka (D:2)
  3 frilled lizards
  5 goblins
  8 rats
42 creatures vanquished.

Notes
Turn   | Place    | Note
-------+----------+-------------------------------------------
     0 | D:1      | DildoBatman the Formicid Wizard began the quest for the
                  | Orb.
     0 | D:1      | Reached XP level 1. HP: 13/13 MP: 4/4
    14 | D:1      | Reached skill level 1 in Conjurations
   132 | D:1      | Reached XP level 2. HP: 16/19 MP: 0/6
   638 | D:1      | Reached XP level 3. HP: 20/24 MP: 4/7
  1761 | D:2      | Reached XP level 4. HP: 30/30 MP: 3/8
  1829 | D:2      | Learned a level 2 spell: Slow
  1836 | D:2      | HP: 1/30 [adder (4)]
  1836 | D:2      | Slain by a centaur skeleton

Illustrated notes

Levels and vault maps discovered:
D:1:      dpeg_arrival_long_road, layout_basic
D:2:      layout_loops_corners, gammafunk_temple_overflow_pools,
          mrwooster_statue_mirror, kennysheep_generic_room_10

Skill      XL: |  1  2  3 |
---------------+----------+-----
Conjurations   | 1 2 3 |  3.3
Dodging        | |  1.7
Stealth        | |  2.4
Spellcasting   | |  3.2
Summonings     | |  1.0
Translocations | |  0.8

Action                   |  1- 3 |  4- 6 || total
-------------------------+-------+-------++-------
Melee: Unarmed           |    13 |       ||    13
       Club              |    12 |       ||    12
 Fire: Hunting sling     |    10 |     1 ||    11
 Cast: Magic Dart        |    73 |     2 ||    75
 Abil: Dig               |       |     1 ||     1
  Use: Scroll            |     1 |       ||     1
 Stab: Sleeping          |     1 |       ||     1
  Eat: Chunk             |     2 |     1 ||     3
Armor: Robe              |    11 |       ||    11
Dodge: Dodged            |    20 |     5 ||    25
